 Dungeon Crawl Stone Soup version 0.22-a0-458-gb446440 (webtiles) character file.

200 suicidejoker the Covered (level 5, 0/33 HPs)
             Began as a Gargoyle Fighter on June 9, 2018.
             Killed from afar by Blork the orc (3 damage)
             ... with a magic dart
             ... on level 4 of the Dungeon.
             The game lasted 00:03:49 (2253 turns).

suicidejoker the Covered (Gargoyle Fighter)         Turns: 2253, Time: 00:03:49

Health: 0/33       AC: 11    Str: 20    XL:     5   Next: 78%
Magic:  5/5        EV:  7    Int:  8    God:
Gold:   134        SH:  9    Dex: 10    Spells: 4/4 levels left

rFire    . . .     SeeInvis .   a - +0 long sword
rCold    . . .     Gourm    .   c - +0 shield
rNeg     + . .     Faith    .   b - +0 scale mail
rPois    ∞         Spirit   .   (no helmet)
rElec    +         Reflect  .   (no cloak)
rCorr    .         Harm     +   (no gloves)
MR       .....                  (no boots)
Stlth    ..........             o - amulet of harm
HPRegen  0.11/turn              (no ring)
MPRegen  0.09/turn              (no ring)

@: hasted, very quick
A: negative energy resistance 1, electricity resistance, unbreathing,
petrification resistance, rot immunity, AC +4
a: no special abilities


You were on level 4 of the Dungeon.
You were very hungry.

You visited 1 branch of the dungeon, and saw 4 of its levels.

You collected 134 gold pieces.

Inventory:

Hand Weapons
 a - a +0 long sword (weapon)
Missiles
 h - 73 bolts
 r - 38 sling bullets
 s - 47 arrows
 w - 17 poisoned needles
 y - 51 stones (quivered)
Armour
 b - a +0 scale mail (worn)
 c - a +0 shield (worn)
Jewellery
 o - an amulet of harm (around neck)
 v - an uncursed amulet of the gourmand {unknown}
Wands
 d - a wand of paralysis (15)
Scrolls
 e - a scroll of noise {unknown}
 g - 4 scrolls of identify {unknown}
 l - 3 scrolls of fear {unknown}
 m - 2 scrolls of enchant armour {unknown}
 n - 2 scrolls of immolation {unknown}
 p - a scroll of fog {unknown}
 q - a scroll of enchant weapon {unknown}
 t - a scroll of remove curse {unknown}
Potions
 i - 3 potions of berserk rage {unknown}
 j - a potion of mutation {unknown}
 k - 2 potions of curing {unknown}
 u - a potion of agility {unknown}
Comestibles
 f - 5 rations


   Skills:
 + Level 4.0 Fighting
 * Level 3.2 Long Blades
 * Level 0.0 Throwing
 * Level 4.6 Armour
 * Level 4.4 Shields


You had 4 spell levels left.
You didn't know any spells.
Your spell library was empty.

Dungeon Overview and Level Annotations

Branches:
Dungeon (4/15)
 Temple: D:4-7

Altars:
Kikubaaqudgha

Annotations:
D:4 Blork the orc


Innate Abilities, Weirdness & Mutations

You are resistant to torment.
Your stone body is resilient. (AC +4)
You are immune to poison.
You resist negative energy. (rN+)
You are resistant to electric shocks. (rElec)
You can survive without breathing.
You are immune to petrification.
You are immune to rotting.


Message History

You completely miss Blork the orc.
Blork the orc is moderately wounded.
You block Blork the orc's attack.
You closely miss Blork the orc.
Blork the orc is moderately wounded.
Blork the orc hits you with a glaive!
You barely miss Blork the orc.
Blork the orc is moderately wounded.
Blork the orc hits you but does no damage.
A quokka comes into view.
Blork the orc hits you with a glaive!
* * * LOW HITPOINT WARNING * * *
You feel yourself speed up. You block Blork the orc's attack.
You block Blork the orc's attack.
Blork the orc hits you from afar with a glaive.
* * * LOW HITPOINT WARNING * * *
There is a stone staircase leading up here.
Blork the orc gestures at you while chanting.
The magic dart hits you!
You die...

#....# #....#
####....# #
..#....# #.
#.##..## .#..
#.#..o#
.....##...#.#
##......###.#
#........r@.#
.......(##..#
........###<..#
........# #.#.#
.......(#
#.#...
.......(# #..
.#. $.....((.
..# . .
........# .# ..


You could see Blork the orc and a quokka.

Vanquished Creatures
  The ghost of thechecker02 the Covert, an amateur GnAs (D:3)
  2 adders
  2 leopard geckos
  An orc (D:3)
  A giant cockroach (D:1)
  7 goblins
  8 hobgoblins
  3 jackals (D:3)
  A quokka (D:3)
  A ball python (D:1)
  7 bats
  2 frilled lizards
  5 kobolds
  3 rats
44 creatures vanquished.

Notes
Turn   | Place    | Note
-------+----------+-------------------------------------------
     0 | D:1      | suicidejoker the Gargoyle Fighter began the quest for the Orb.
     0 | D:1      | Reached XP level 1. HP: 14/14 MP: 1/1
   106 | D:1      | Reached XP level 2. HP: 19/19 MP: 2/2
   489 | D:2      | Reached XP level 3. HP: 23/23 MP: 3/3
   673 | D:2      | Found an ancient bone altar of Kikubaaqudgha.
  1381 | D:3      | Noticed thechecker02's ghost (amateur GnAs)
  1405 | D:3      | Killed thechecker02's ghost
  1405 | D:3      | Reached XP level 4. HP: 15/29 MP: 4/4
  1405 | D:3      | Reached XP level 5. HP: 17/33 MP: 5/5
  2229 | D:4      | Noticed Blork the orc
  2253 | D:4      | Killed from afar by Blork the orc

Vault maps used:
D:1:      mrwooster_arrival_statue_2, kennysheep_boxes
D:2:      kiku_gazebo_pond_becter, first_ration
D:4:      eat_drink_and_be_merry_uskayaw, minmay_surrounded, uniq_ijyb,
          uniq_blork_the_orc, uniq_duvessa

Skill      XL: |  1  2  3  4  5 |
---------------+----------------+-----
Long Blades    | 2 3 |  3.2
Armour         | 4 |  4.6
Shields        | 4 |  4.4
Fighting       | 4 |  4.0

Action                   |  1- 3 |  4- 6 || total
-------------------------+-------+-------++-------
Melee: Long sword        |   107 |    45 ||   152
Throw: Stone             |       |    10 ||    10
  Use: Potion            |     1 |     1 ||     2
  Eat: Chunk             |       |     3 ||     3
Armor: Scale mail        |    72 |    48 ||   120
Dodge: Dodged            |    38 |    14 ||    52
Block: Shield            |    67 |    41 ||   108
       Rpst.: Long sword |    11 |     5 ||    16

Table legend:
 A = Spawn XP
 B = Non-spawn XP
 C = Spawn XP percentage of total XP
 D = Spawn monster count
 E = Non-spawn monster count
 F = Spawn count percentage of total count
 G = Total turns spent on level
                    A         B        C        D         E        F      G
               +---------+---------+-------+---------+---------+-------+---------
         Total |       0 |     286 |   0.0 |       0 |      44 |   0.0 |  2253
               +---------+---------+-------+---------+---------+-------+---------
           D:1 |       0 |      28 |   0.0 |       0 |      18 |   0.0 |   414
           D:2 |       0 |      32 |   0.0 |       0 |      12 |   0.0 |   961
           D:3 |       0 |     226 |   0.0 |       0 |      14 |   0.0 |   838
               +---------+---------+-------+---------+---------+-------+---------
